 Dungeon Crawl Stone Soup version 0.30.0-29-ga12c61a403 (webtiles) character file.

Game seed: 15625233428758860172

334 cheesebisquit the Shooter (level 6, -7/48 HPs)
             Began as a Barachi Warper on June 4, 2023.
             Mangled by an ogre
             ... wielding a +0 giant club
              (19 damage)
             ... on level 4 of the Dungeon.
             The game lasted 00:12:07 (5256 turns).

cheesebisquit the Shooter (Barachi Warper)          Turns: 5256, Time: 00:12:08

Health: -7/48      AC:  7    Str: 12    XL:     6   Next: 53%
Magic:  9/9        EV: 12    Int: 18    God:
Gold:   191        SH:  0    Dex: 13    Spells: 9/9 levels left

rFire   . . .        k - +0 sling
rCold   . . .        (no shield)
rNeg    . . .        b - +0 leather armour
rPois   .            t - +2 hat of Shadows and Fog {Int+4 Stlth+}
rElec   .            (no cloak)
rCorr   .            l - +0 pair of gloves
SInv    .            u - +0 pair of boots
Will    .....        g - amulet of regeneration
Stlth   ++           (no ring)
HPRegen 1.08/turn    (no ring)
MPRegen 0.11/turn

%: no passive effects
@: hasted, quick
A: amphibious, slowness 1, strong legs 1, +LOS
a: Hop


You were on level 4 of the Dungeon.
You visited 1 branch of the dungeon, and saw 4 of its levels.

You collected 191 gold pieces.

Inventory:

Hand Weapons
 a - a +0 falchion
 k - a +0 sling (weapon)
 r - a +2 dagger of venom
Missiles
 d - 7 boomerangs of dispersal
 j - 2 throwing nets
 o - 3 curare-tipped darts
 p - 4 poisoned darts
 x - 5 boomerangs
Armour
 b - a +0 leather armour (worn)
 l - a +0 pair of gloves (worn)
 t - the +2 hat of Shadows and Fog (worn) {Int+4 Stlth+}
   (You found it on level 4 of the Dungeon)

   Int:       It affects your intelligence (+4).
   Stlth:     It makes you more stealthy.
 u - a +0 pair of boots (worn)
 w - a +0 buckler
Jewellery
 g - an amulet of regeneration (around neck)
 v - an amulet of guardian spirit
Wands
 c - a wand of roots (9)
Scrolls
 f - 2 scrolls of poison
 h - a scroll of fear
 i - a scroll of immolation
 s - a scroll of vulnerability
Potions
 e - a potion of brilliance
 m - 2 potions of haste
 n - 2 potions of mutation
 q - a potion of flight


   Skills:
 - Level 4.0 Fighting
 - Level 2.4 Long Blades
 + Level 4.8 Ranged Weapons
 - Level 1.0 Throwing
 - Level 3.0 Armour
 - Level 3.0 Dodging
 - Level 2.1 Spellcasting
 - Level 3.2 Translocations


You had 9 spell levels left.
You didn't know any spells.
Your spell library contained the following spells:

 Spells                   Type           Power      Damage    Failure   Level
 Blink                    Tloc           26%        N/A       9%          2
 Lesser Beckoning         Tloc           26%        N/A       9%          2
 Teleport Other           Tloc           13%        N/A       17%         3
 Ensorcelled Hibernation  Hex/Ice        2%         N/A       34%         2
 Passwall                 Tmut/Erth      0%         N/A       34%         2
 Sublimation of Blood     Necr           1%         N/A       34%         2
 Wereblood                Tmut           1%         N/A       34%         2
 Vhi's Electric Charge    Tloc/Air       14%        N/A       34%         3
 Manifold Assault         Tloc           13%        N/A       50%         4
 Swiftness                Air            1%         N/A       56%         3
 Leda's Liquefaction      Hex/Erth       0%         N/A       92%         4
 Lee's Rapid Deconstruct  Erth           0%         3d4*      99%         5
 Statue Form              Tmut/Erth      0%         N/A       100%        6
 Summon Hydra             Summ           0%         N/A       100%        7


Dungeon Overview and Level Annotations

Branches:
Dungeon (4/15)
 Temple: D:4-7

Altars:
Vehumet

Portals:
Abyss: D:3

Annotations:
D:3 2 transporters, turdburglar's ghost, amateur HuNe


Innate Abilities, Weirdness & Mutations

You are amphibious.
You cover ground slowly.
You can hop short distances.
You have an extended range of vision and can be seen from far away.


Message History

No target in view!
No target in view!
HP restored.
Things that are here:
a +0 mace; a +0 ring mail
w - a scroll of identify
As you read the scroll of identify, it crumbles to dust.
s - a scroll of vulnerability
Found a buckler.
You see here a +0 buckler.
w - a +0 buckler You now have 191 gold pieces (gained 8).
x - 5 boomerangs An ogre comes into view.
It is wielding a +0 giant club.
The ogre shouts!
You shoot a sling bullet. The sling bullet hits the ogre.
The ogre is lightly wounded.
The ogre hits you with a +0 giant club.
You shoot a sling bullet. The sling bullet hits the ogre.
The ogre is moderately wounded.
You shoot a sling bullet. The sling bullet hits the ogre.
The ogre is moderately wounded.
The ogre hits you with a +0 giant club!!
You shoot a sling bullet. The sling bullet hits the ogre!
The ogre is severely wounded.
The ogre hits you with a +0 giant club.
You are too injured to fight recklessly!
You shoot a sling bullet. The sling bullet hits the ogre.
The ogre is severely wounded.
The ogre hits you with a +0 giant club!
* * * LOW HITPOINT WARNING * * *
Okay, then.
You shoot a sling bullet. The sling bullet hits the ogre.
The ogre is severely wounded.
The ogre barely misses you.
You feel yourself speed up.
You shoot a sling bullet. The sling bullet hits the ogre.
The ogre is severely wounded.
The ogre hits you with a +0 giant club!!
You die...

###########
..........#
.####....<###
##########
............#
#@O.......
..#.......#.#
#.#######.
.###......#.#
##.#######
..#...#.### #
#........#
_........# .#
#..#####.#
..#......##.###..###
#.# #
.###...............#
#.#.#
..#.........###..#.#
#.#.# ............#
#..#.###.#.#


You could see an ogre.

Vanquished Creatures
  2 orc priests (D:3)
  2 hounds
  Jessica (D:2)
  Terence (D:3)
  3 gnolls
  4 adders
  A worm (D:3)
  8 dart slugs
  9 orcs
  8 bats
  8 endoplasms
  3 giant cockroaches
  2 goblins
  5 hobgoblins
  6 kobolds
  A quokka (D:2)
  8 ball pythons
  5 frilled lizards
  4 rats
81 creatures vanquished.

Notes
Turn   | Place    | Note
-------+----------+-------------------------------------------
     0 | D:1      | cheesebisquit the Barachi Warper began the quest for the
                  | Orb.
     0 | D:1      | Reached XP level 1. HP: 17/17 MP: 3/3
   163 | D:1      | Reached XP level 2. HP: 17/23 MP: 5/5
   907 | D:1      | Reached XP level 3. HP: 26/29 MP: 6/6
  1281 | D:1      | Reached XP level 4. HP: 23/35 MP: 7/7
  1398 | D:1      | Reached skill level 1 in Ranged Weapons
  1892 | D:3      | Noticed turdburglar's ghost (amateur HuNe)
  1904 | D:3      | Noticed Terence
  1917 | D:3      | Killed Terence
  1918 | D:3      | Reached XP level 5. HP: 20/42 MP: 8/8
  1918 | D:3      | Found a transporter.
  1978 | D:3      | Noticed an ancient zyme
  2012 | D:3      | Found a transporter.
  2026 | D:3      | Noticed Jessica
  2403 | D:2      | Killed Jessica
  2829 | D:3      | Reached XP level 6. HP: 29/48 MP: 9/9
  3181 | D:3      | Found a one-way gate to the infinite horrors of the Abyss.
  4095 | D:4      | Identified the +2 hat of Shadows and Fog {Int+4 Stlth+}
  4947 | D:4      | Found a radiant altar of Vehumet.
  5256 | D:4      | Mangled by an ogre

Illustrated notes

Levels and vault maps discovered:
D:1:      elethiomel_arrival_maze, layout_basic
D:2:      layout_loops_ring
D:3:      layout_basic, gammafunk_ghost_abyssal_escape, uniq_jessica,
          uniq_terence
D:4:      layout_loops_ring, vehumet_crystals,
          amcnicky_mini_rare_corridor_liquid

Skill      XL: |  1  2  3  4  5 |
---------------+----------------+-----
Armour         | 2 3 |  3.0
Fighting       | 3 4 |  4.0
Dodging        | 3 |  3.0
Ranged Weapons | 2 4 |  4.8
Long Blades    | |  2.4
Throwing       | |  1.0
Spellcasting   | |  2.1
Translocations | |  3.2

Action                     |  1- 3 |  4- 6 || total
---------------------------+-------+-------++-------
  Melee: Falchion          |    83 |       ||    83
   Fire: Sling             |    47 |   283 ||   330
Ability: Hop               |       |     1 ||     1
    Use: Potion            |     2 |     2 ||     4
         Scroll            |       |    10 ||    10
   Stab: Sleeping          |     1 |       ||     1
 Armour: Leather armour    |    49 |    58 ||   107
  Dodge: Dodged            |    88 |   112 ||   200
